 Dungeon Crawl Stone Soup version 0.15.0-12-gccce430 (webtiles) character file.

2019 staplegun the Ruinous (level 9, -5/51 HPs)
             Began as an Octopode Summoner on Sept 1, 2014.
             Was a Believer of Sif Muna.
             Slain by a killer bee (9 damage)
             ... on Level 8 of the Dungeon.
             The game lasted 00:46:01 (9814 turns).

staplegun the Ruinous (Octopode Summoner)           Turns: 9814, Time: 00:46:01

HP  -5/51        AC  1     Str  7      XL: 9   Next: 23%
MP   9/18        EV 13     Int 20      God: Sif Muna [**....]
Gold 612         SH  0     Dex 13      Spells:  4 memorised,  5 levels left

rFire  . . .     SeeInvis .     k - +3 dagger (speed)
rCold  . . .     Clarity  .     (no shield)
rNeg   . . .     rCorr    .     (helmet restricted)
rPois  +         rRot     .     (no amulet)
rElec  .         Spirit   .     a - ring of sustain abilities
SustAb +         Warding  .     f - ring of regeneration
rMut   .         Stasis   .     C - cursed ring of poison resistance
Gourm  .                        (no ring)
MR     .....                    (no ring)
                                (no ring)
                                (no ring)
                                (no ring)

@: lethally poisoned, very slightly contaminated, hasted, very quick, not
resistant to hostile enchantments, fairly stealthy
A: almost no armour, amphibious, 8 rings, constrict 8, camouflage 1, gelatinous
body 1
a: Channel Energy, Forget Spell, Renounce Religion


You were on level 8 of the Dungeon.
You worshipped Sif Muna.
Sif Muna was pleased with you.
You were not hungry.

You visited 1 branch of the dungeon, and saw 8 of its levels.
You also visited: Ossuary.

You collected 612 gold pieces.

Inventory:

Hand weapons
 i - a cursed -3 whip
 j - a +3 dagger of chaos
 k - a +3 dagger of speed (weapon)
 w - a cursed +0 blowgun
 y - a cursed -2 flail
Missiles
 v - 8 poisoned needles
Magical devices
 e - a wand of disintegration (12) {unknown}
Comestibles
 c - 3 bread rations
 u - a meat ration
Scrolls
 d - 4 scrolls of magic mapping
 h - 2 scrolls of immolation
 l - 9 scrolls of identify
 o - a scroll of noise
 q - 3 scrolls of remove curse
 r - a scroll of random uselessness
Jewellery
 a - a ring of sustain abilities (left tentacle)
 f - a ring of regeneration (right tentacle)
 C - a cursed ring of poison resistance (on tentacle)
Potions
 n - 2 potions of restore abilities
 p - 3 potions of curing
 B - a potion of magic
 H - a potion of might
 J - a potion of brilliance
Books
 b - a book of Callings

   Spells                             Type                      Level
   *Summon Small Mammal               Summoning                    1
   *Call Imp                          Summoning                    2
   Call Canine Familiar               Summoning                    3
   Summon Guardian Golem              Hexes/Summoning              4
   Summon Lightning Spire             Summoning/Air                4
   *Summon Ice Beast                  Ice/Summoning                4
 t - a book of Geomancy

   Spells                             Type                      Level
   Sandblast                          Earth                        1
   Stoneskin                          Transmutation/Earth          2
   Passwall                           Transmutation/Earth          3
   *Stone Arrow                       Conjuration/Earth            3
   Petrify                            Transmutation/Earth          4
   Lee's Rapid Deconstruction         Earth                        5
 D - a book of Air

   Spells                             Type                      Level
   Shock                              Conjuration/Air              1
   Swiftness                          Charms/Air                   2
   Repel Missiles                     Charms/Air                   2
   Flight                             Charms/Air                   3
   Static Discharge                   Conjuration/Air              3
   Lightning Bolt                     Conjuration/Air              5


   Skills:
 - Level 3.6 Dodging
 - Level 2.6 Stealth
 - Level 3.5 Spellcasting
 - Level 7.2 Conjurations
 + Level 5.1 Summonings
 + Level 0.0 Ice Magic
 - Level 7.2 Earth Magic


You had 5 spell levels left.
You knew the following spells:

 Your Spells              Type           Power        Failure   Level  Hunger
a - Summon Small Mammal   Summ           ###.         1%          1    None
b - Call Imp              Summ           ###.....     2%          2    ##.....
c - Stone Arrow           Conj/Erth      ####..       1%          3    ###....
d - Summon Ice Beast      Ice/Summ       ##......     58%         4    ####...


Dungeon Overview and Level Annotations

Branches:
Dungeon (8/15)             Temple (0/1) D:7
   Lair: D:8-11

Altars:
Kikubaaqudgha
Makhleb
Sif Muna
Zin

Shops:
D:4 %   D:8 :

Annotations:
D:6 gw's ghost, experienced OgBe


Innate Abilities, Weirdness & Mutations

You cannot wear most types of armour.
You are amphibious.
You can wear up to eight rings at the same time.
You can use your tentacles to constrict many enemies at once.
Your skin changes colour to match your surroundings (Stealth).
Your rubbery body absorbs attacks (AC +1).


Message History

* * * LOW HITPOINT WARNING * * *
You are more poisoned.
The killer bee poisons you!
Casting: Stone Arrow
Confirm with . or Enter, or press ? or * to list all spells.
Aiming: Stone Arrow
Press: ? - help, Shift-Dir - straight line, f/p - killer bee
Aim: a killer bee (heavily wounded)
The stone arrow misses the killer bee.
You feel sick. The killer bee closely misses you.
The killer bee barely misses you. The killer bee stings you.
* * * LOW HITPOINT WARNING * * *
Casting: Stone Arrow
Confirm with . or Enter, or press ? or * to list all spells.
Aiming: Stone Arrow
Press: ? - help, Shift-Dir - straight line, f/p - killer bee
Aim: a killer bee (heavily wounded)
The stone arrow misses the killer bee.
You feel sick. The killer bee closely misses you. The killer bee stings you!
You die...

##..##....y..# ##
##..###......##
#...##§§§y....##
#...##§§§§.....##
#....§§§§###....###..
##...§§§§# ##........
##...§§## #.......
###§§§.## ##.......#
##....###@.......#
#.....yyyy......#
#........y$####..
#..##.....##
#..####....# #..#
#....# .# #.....#
#..##.. ..## #.


You could see 5 killer bees.

Vanquished Creatures
  Psyche (D:8)
  An orc warrior (D:7)
  An ice beast (D:6)
  A phantom (D:4)
  An ogre (D:7)
  A giant frog (D:6)
  3 crimson imps
  A hound (D:8)
  A two-headed ogre zombie (D:8)
  3 orc priests
  A giant frog skeleton (D:6)
  An iguana (D:5)
  4 orc wizards
  A worker ant (D:6)
  A big kobold zombie (Ossuary)
  A hound skeleton (D:6)
  2 mummies (Ossuary)
  5 adders
  A shadow imp (D:5)
  2 giant mites
  2 worms
  An adder skeleton (D:6)
  4 giant geckos
  15 orcs
  5 bats
  A giant cockroach (D:6)
  11 goblins
  15 hobgoblins
  2 jackals (D:2)
  2 quokkas
  A ball python (D:4)
  2 giant newts (D:4)
  A goblin skeleton (D:4)
  11 kobolds
  2 kobold zombies
  6 rats
  A rat skeleton (D:4)
  A rat zombie (D:7)
116 creatures vanquished.

Vanquished Creatures (collateral kills)
  A black bear (D:5)
  An ice beast (D:5)
  An ogre (D:7)
  A sky beast (D:5)
  A centaur (D:5)
  A big kobold (D:7)
  2 giant frogs
  2 scorpions
  A crimson imp (D:6)
  A quasit (D:6)
  A centaur skeleton (D:7)
  A hound (D:5)
  An iguana (D:5)
  3 orc wizards
  A worker ant (D:5)
  Jessica (D:2)
  6 mummies (Ossuary)
  10 gnolls
  4 adders
  2 worms
  A giant gecko (D:3)
  19 orcs
  2 bats (D:6)
  3 giant cockroaches (D:3)
  4 hobgoblins
  2 jackals (D:2)
  10 kobolds
  A quokka (D:2)
  A ball python (D:1)
  5 giant newts
  2 gnoll zombies (Ossuary)
  A goblin (D:1)
  A goblin zombie (D:6)
  A hobgoblin zombie (Ossuary)
  2 kobold zombies (Ossuary)
  An orc zombie (Ossuary)
  A quokka zombie (D:6)
  5 rats
104 creatures vanquished.

Vanquished Creatures (others)
  A human (D:3)
  29 crimson imps
  6 iron imps
  8 shadow imps
  18 white imps
  3 quokkas
  6 bats
  11 rats
82 creatures vanquished.

Grand Total: 302 creatures vanquished

Notes
Turn   | Place    | Note
--------------------------------------------------------------
     0 | D:1      | staplegun, the Octopode Summoner, began the quest for the Orb.
     0 | D:1      | Reached XP level 1. HP: 11/11 MP: 3/3
   640 | D:1      | Reached XP level 2. HP: 17/17 MP: 0/4
  1406 | D:2      | Found a burning altar of Makhleb.
  1500 | D:2      | Noticed Jessica
  1511 | D:2      | Learned a level 2 spell: Call Imp
  1539 | D:2      | Killed Jessica
  1539 | D:2      | Reached XP level 3. HP: 14/21 MP: 1/6
  2159 | D:2      | Reached XP level 4. HP: 27/27 MP: 6/8
  2937 | D:3      | Learned a level 3 spell: Stone Arrow
  3016 | D:3      | Reached XP level 5. HP: 14/31 MP: 2/11
  3585 | D:3      | Reached skill level 5 in Summonings
  3673 | D:3      | Found an ancient bone altar of Kikubaaqudgha.
  3679 | D:3      | Noticed a human
  3681 | D:3      | Killed a human
  4009 | D:4      | Found Udoinguu's Food Boutique.
  4018 | D:4      | Noticed a phantom
  4869 | D:5      | Entered Level 5 of the Dungeon
  5049 | D:5      | Reached XP level 6. HP: 33/36 MP: 3/13
  5058 | D:5      | Reached skill level 1 in Earth Magic
  5072 | D:5      | Reached skill level 1 in Conjurations
  5201 | D:5      | Noticed a sky beast
  5234 | D:5      | Noticed a centaur
  5253 | D:5      | Killed a centaur
  5524 | D:5      | Killed a sky beast
  5573 | D:5      | Noticed a black bear
  5580 | D:5      | Killed a black bear
  5580 | D:5      | Reached XP level 7. HP: 41/41 MP: 12/15
  5794 | D:5      | Noticed an ice beast
  6045 | D:6      | Found a deep blue altar of Sif Muna.
  6045 | D:6      | Noticed a gargoyle
  6415 | D:6      | Found a sand-covered staircase.
  6422 | Ossuary  | Entered an ossuary
  6886 | D:6      | Found a deep blue altar of Sif Muna.
  6908 | D:6      | Became a worshipper of Sif Muna the Loreminder
  7109 | D:6      | Noticed gw's ghost (experienced OgBe)
  7223 | D:5      | Killed an ice beast
  7223 | D:5      | Reached XP level 8. HP: 46/46 MP: 5/17
  7619 | D:4      | Killed a phantom
  7619 | D:4      | Reached skill level 5 in Conjurations
  7659 | D:3      | Acquired Sif Muna's first power
  7659 | D:3      | Reached skill level 5 in Earth Magic
  8264 | D:7      | Found a staircase to the Ecumenical Temple.
  8265 | D:7      | Found a glowing silver altar of Zin.
  8604 | D:7      | Reached skill level 6 in Earth Magic
  9036 | D:7      | Acquired Sif Muna's second power
  9400 | D:7      | Reached XP level 9. HP: 51/51 MP: 12/18
  9602 | D:8      | Noticed Psyche
  9607 | D:8      | Killed Psyche
  9607 | D:8      | Reached skill level 7 in Conjurations
  9669 | D:8      | Found Zyesch's Book Shop.
  9683 | D:8      | Learned a level 4 spell: Summon Ice Beast
  9814 | D:8      | Slain by a killer bee

Action                   |  1- 3 |  4- 6 |  7- 9 || total
-------------------------+-------+-------+-------++-------
Melee: Unarmed           |     5 |       |       ||     5
       Dagger            |    32 |    77 |   178 ||   287
       Whip              |     1 |       |       ||     1
 Fire: Blowgun           |       |     3 |       ||     3
 Cast: Summon Small Mamm |    37 |    11 |    16 ||    64
       Call Imp          |     8 |    71 |    99 ||   178
       Stone Arrow       |       |       |    35 ||    35
Invok: Channel Energy    |       |       |     6 ||     6
  Use: Potion            |       |     7 |     8 ||    15
       Scroll            |       |     3 |    11 ||    14
 Stab: Sleeping          |     1 |    13 |     7 ||    21
       Distracted        |       |       |     3 ||     3
  Eat: Chunk             |     4 |    12 |    16 ||    32
       Beef jerky        |       |     1 |       ||     1
       Fruit             |       |       |     4 ||     4
       Royal jelly       |       |       |     2 ||     2
       Bread ration      |       |       |     1 ||     1
